 Dungeon Sprint DCSS version 0.23.0-38-g208d714 (webtiles) character file.

Game seed: 14781756879225384165

1885 Fang the Fighter (level 9, -3/96 HPs)
             Began as a Gargoyle Berserker on Feb 27, 2019.
             Was the Champion of Trog.
             Slain by an ironheart preserver
             ... wielding the +5 battleaxe "Enten" {vamp, Str+3 Stlth+}
              (7 damage)
             ... in the Dungeon (Sprint V: "Ziggurat Sprint").
             The game lasted 00:02:21 (717 turns).

Fang the Fighter (Gargoyle Berserker)                Turns: 717, Time: 00:02:22

Health: -3/96      AC: 25    Str: 47    XL:     9   Next: 14%
Magic:  3/3        EV: 14    Int:  9    God:    Trog [******]
Gold:   0          SH:  0    Dex:  9    Spells: 8/8 levels left

rFire    + + +     SeeInvis .   B - +2 war axe (antimagic)
rCold    x . .     Gourm    .   (no shield)
rNeg     + . .     Faith    .   A - +1 shadow dragon scales "Kiam" {rF++ Str+9 Stlth++++}
rPois    ∞         Spirit   .   (no helmet)
rElec    +         Reflect  .   C - +2 cloak of Kindness {rElec rC- Regen+}
rCorr    .         Harm     .   (no gloves)
MR       .....     NoTele   +   (no boots)
Stlth    ..........             (no amulet)
HPRegen  0.66/turn              D - +6 ring of strength
MPRegen  0.08/turn              b - ring of the Scarab {rPois rF+ Str+4}

@: berserking, marked, starving, very quick
A: negative energy resistance 1, electricity resistance, unbreathing,
petrification resistance, rot immunity, AC +6
a: Berserk, Trog's Hand, Brothers in Arms, Renounce Religion


You were in the Dungeon.
You worshipped Trog.
Trog was exalted by your worship.
You were starving.

You visited 1 branch

Inventory:

Hand Weapons
 k - a +5 executioner's axe
 B - a +2 antimagic war axe (weapon)
Armour
 a - the +1 ring mail of Creativity {MR+ Int+4}
   (You found it in the Dungeon)

   It affects your intelligence (+4).
   It affects your resistance to hostile enchantments.
 j - the +15 Maxwell's patent armour {-Cast -Tele rElec MR+ rCorr}
   (You found it in the Dungeon)

   It insulates you from electricity.
   It affects your resistance to hostile enchantments.
   It prevents spellcasting.
   It prevents most forms of teleportation.
   It provides partial protection from all sources of acid and corrosion.
 A - the +1 shadow dragon scales "Kiam" (worn) {rF++ Str+9 Stlth++++}
   (You found it in the Dungeon)

   It affects your strength (+9).
   It greatly protects you from fire.
   It makes you much more stealthy.
 C - the +2 cloak of Kindness (worn) {rElec rC- Regen+}
   (You found it in the Dungeon)

   It makes you vulnerable to cold.
   It insulates you from electricity.
   It increases your rate of regeneration.
Jewellery
 b - the ring of the Scarab (right hand) {rPois rF+ Str+4}
   (You found it in the Dungeon)

   [ring of protection from fire]

   It affects your strength (+4).
   It protects you from fire.
   It protects you from poison.
 z - a +3 ring of intelligence
 D - a +6 ring of strength (left hand)
 E - a +6 ring of strength
 F - a +5 ring of strength
Wands
 w - a wand of disintegration (7)
 x - a wand of iceblast (7)
 y - a wand of acid (7)
Scrolls
 i - 4 scrolls of blinking
 l - 7 scrolls of fog
 m - a scroll of holy word
 n - 5 scrolls of identify
 o - 5 scrolls of remove curse
 p - 2 scrolls of fear
Potions
 d - 10 potions of curing
 e - 10 potions of heal wounds
 f - 6 potions of haste
 g - 7 potions of magic
 h - 3 potions of berserk rage
 q - 2 potions of brilliance
 r - 2 potions of invisibility
 s - 4 potions of resistance
 t - a potion of experience
 u - 5 potions of agility
 v - 5 potions of might
Comestibles
 c - 7 rations


   Skills:
 + Level 11.4 Fighting
 + Level 9.7 Axes
 + Level 11.1 Armour
 + Level 8.7 Dodging


You had 8 spell levels left.
You didn't know any spells.
Your spell library was empty.

Dungeon Overview and Level Annotations

Branches:
Dungeon (1/1)

Altars:
Ashenzari
Cheibriados
Dithmenos
Elyvilon
Fedhas
Gozag
Hepliaklqana
Kikubaaqudgha
Makhleb
Nemelex Xobeh
Okawaru
Qazlal
Ru
Sif Muna
Trog
Uskayaw
Vehumet
Wu Jian
Xom
Yredelemnul
Zin
The Shining One
Beogh
Jiyva
Lugonu

Annotations:
D 1 transporter


Innate Abilities, Weirdness & Mutations

You are resistant to torment.
Your stone body is resilient. (AC +6)
You are immune to poison.
You resist negative energy. (rN+)
You are resistant to electric shocks. (rElec)
You can survive without breathing.
You are immune to petrification.
You are immune to rotting.


Message History

The vault guard completely misses you.
The ironheart preserver falters for a moment.
You slash the vault guard!
The vault guard is heavily wounded.
You slice the ironheart preserver!!
The ironheart preserver's magic leaks into the air.
Your shadow dragon scales "Kiam" prevents you from hitting the vault sentinel.
The vault sentinel hits you but does no damage.
The ironheart preserver falters for a moment.
The vault guard hits you with a +1 battleaxe of distortion!
* * * LOW HITPOINT WARNING * * *
Space warps horribly around you!!
* * * LOW HITPOINT WARNING * * *
Unknown command.
You slash the vault guard!
The vault guard is severely wounded.
You completely miss the ironheart preserver.
You hit the vault sentinel but do no damage.
The ironheart preserver hits you with the +5 battleaxe "Enten" {vamp, Str+3 Stlth+}!
You die...

▓...©...▓
▓▓▓▓▓▓▓▓▓
▓..8©8..▓
▓..||)..▓
▓..)}=..▓
▓.......▓
▓.......▓
▓..)pp..▓
▓...@p..▓
▓.▓.(.▓.▓
▓...©...▓
▓▓▓▓▓▓▓▓▓


You could see an ironheart preserver, a vault guard and a vault sentinel.

Vanquished Creatures
  An ugly thing (D)
  A freezing wraith (D)
  A yaktaur (D)
  5 insubstantial wisps (D)
  A porcupine (D)
  A necrophage (D)
  A wolf (D)
  2 quasits (D)
  An iguana (D)
  An iron imp (D)
  A shadow imp (D)
  4 white imps (D)
  2 ufetubi (D)
  An adder skeleton (D)
  A bat skeleton (D)
  A jackal (D)
  A quokka skeleton (D)
  A quokka zombie (D)
27 creatures vanquished.

Notes
Turn   | Place    | Note
-------+----------+-------------------------------------------
     0 | D        | Found the +6 Majin-Bo {vamp, Archmagi MP+6 Int+6}
     0 | D        | Found the +7 great mace "Firestarter" {inner flame, rF++}
     0 | D        | Fang the Gargoyle Berserker began the quest for the Orb.
     0 | D        | Reached XP level 1. HP: 14/14 MP: 1/1
     0 | D        | Found a blossoming altar of Fedhas.
     1 | D        | Found a transporter.
     1 | D        | Found a viscous altar of Jiyva.
     1 | D        | Found an ancient bone altar of Kikubaaqudgha.
     1 | D        | Found a hazy altar of Hepliaklqana.
     1 | D        | Found a corrupted altar of Lugonu.
     1 | D        | Found an opulent altar of Gozag.
     1 | D        | Found a burning altar of Makhleb.
     5 | D        | Found a stormy altar of Qazlal.
     5 | D        | Found an iron altar of Okawaru.
     5 | D        | Found a sacrificial altar of Ru.
     5 | D        | Found a sparkling altar of Nemelex Xobeh.
     5 | D        | Found a deep blue altar of Sif Muna.
     5 | D        | Found a bloodstained altar of Trog.
    11 | D        | Found the +9 heavy crossbow "Sniper" {velocity, Acc+∞ SInv}
    11 | D        | Found the +10 dark maul {crush}
    11 | D        | Found the +15 Maxwell's patent armour {-Cast -Tele rElec
                  | MR+ rCorr}
    11 | D        | Found the +18 shield of the Gong {rElec rN+ MR+ EV-5}
    11 | D        | Found the cursed +14 obsidian axe {chop, +Fly SInv *Curse}
    63 | D        | Entered arena 2.
    63 | D        | Found a transporter.
    70 | D        | Got the +1 ring mail of Creativity {MR+ Int+4}
    74 | D        | Entered arena 3.
    74 | D        | Noticed a necrophage
    74 | D        | Found a transporter.
    77 | D        | Reached ** piety under Trog
    82 | D        | Killed a necrophage
    82 | D        | Reached skill level 5 in Fighting
    82 | D        | Reached skill level 5 in Armour
    82 | D        | Reached XP level 2. HP: 14/22 MP: 2/2
    82 | D        | Reached XP level 3. HP: 18/27 MP: 3/3
    82 | D        | Reached XP level 4. HP: 21/32 MP: 4/4
   290 | D        | Entered arena 4.
   290 | D        | Found a transporter.
   295 | D        | Reached *** piety under Trog
   301 | D        | Reached skill level 5 in Axes
   301 | D        | Reached XP level 5. HP: 33/37 MP: 5/5
   305 | D        | Got the ring of the Scarab {rPois rF+ Str+4}
   329 | D        | Entered arena 5.
   329 | D        | Noticed a porcupine
   329 | D        | Noticed a wolf
   329 | D        | Found a transporter.
   331 | D        | Reached **** piety under Trog
   337 | D        | Killed a porcupine
   337 | D        | Reached skill level 5 in Dodging
   337 | D        | Reached XP level 6. HP: 20/44 MP: 6/6
   548 | D        | Entered arena 6.
   548 | D        | Noticed an insubstantial wisp
   548 | D        | Noticed an insubstantial wisp
   548 | D        | Noticed an insubstantial wisp
   548 | D        | Noticed an insubstantial wisp
   548 | D        | Noticed an insubstantial wisp
   548 | D        | Found a transporter.
   552 | D        | Killed an insubstantial wisp
   552 | D        | Reached ***** piety under Trog
   552 | D        | Reached XP level 7. HP: 50/50 MP: 7/7
   557 | D        | Killed an insubstantial wisp
   558 | D        | Killed an insubstantial wisp
   561 | D        | Killed an insubstantial wisp
   573 | D        | Killed an insubstantial wisp
   573 | D        | Reached skill level 10 in Fighting
   573 | D        | Reached XP level 8. HP: 40/57 MP: 8/8
   584 | D        | Got the +1 shadow dragon scales "Kiam" {rF++ Str+9
                  | Stlth++++}
   665 | D        | Entered arena 7.
   666 | D        | Found a transporter.
   670 | D        | Received a gift from Trog
   689 | D        | Got the +2 cloak of Kindness {rElec rC- Regen+}
   700 | D        | Entered arena 8.
   700 | D        | Noticed a freezing wraith
   700 | D        | Noticed a vault sentinel
   700 | D        | Noticed an ironheart preserver
   700 | D        | Noticed a vault guard
   700 | D        | Noticed a yaktaur
   700 | D        | Noticed a red ugly thing
   701 | D        | Identified the +5 battleaxe "Enten" {vamp, Str+3 Stlth+}
   701 | D        | Found a transporter.
   709 | D        | Killed a yaktaur
   709 | D        | Reached skill level 10 in Armour
   710 | D        | Killed a red ugly thing
   712 | D        | Killed a freezing wraith
   712 | D        | Reached ****** piety under Trog
   712 | D        | Reached XP level 9. HP: 64/64 MP: 3/9
   716 | D        | HP: 4/96 [vault guard/+1 battleaxe of distortion (20)]
   717 | D        | Slain by an ironheart preserver

Skill      XL: |  1  2  3  4  5  6  7  8 |
---------------+-------------------------+-----
Axes           | 4 5 6 7 8 9 |  9.7
Dodging        | 3 4 5 6 7 8 |  8.7
Fighting       | 5 6 7 8 10 11 | 11.4
Armour         | 5 6 8 9 11 | 11.1

Action                   |  1- 3 |  4- 6 |  7- 9 || total
-------------------------+-------+-------+-------++-------
Melee: Executioner's axe |     8 |    20 |    31 ||    59
       War axe           |       |       |    14 ||    14
Invok: Berserk           |       |     2 |     1 ||     3
Armor: Plate armour      |    15 |    64 |    18 ||    97
       Shadow dragon sca |       |       |    55 ||    55
Dodge: Dodged            |    11 |    41 |    63 ||   115
